PAAA
SALT LAKE CITY BUZZ @ GRYFINDOR BRAVES
05/17/2029
 
TOP OF THE 1ST
Salt Lake City Buzz batting - Pitching for Gryfindor Braves : RHP Fred Gunther
Pitching: RHP Fred Gunther
Batting: LHB Mike Gillespie 0-0: Ball
1-0: Ball
2-0: Ball
3-0: Foul Ball, location: 2F
3-1: Fly out, F9 (Flyball, 89M)
Batting: RHB Jung-hwan Kwon 0-0: Ball
1-0: Called Strike
1-1: Swinging Strike
1-2: Ball
2-2: Fly out, F8 (Flyball, 8RD)
Batting: LHB Jérôme Masson 0-0: Called Strike
0-1: Ball
1-1: SINGLE (Flyball, 7S)
Batting: LHB Qi-zhen Loong 0-0: Fielders Choice at 2nd, U6 (Groundball, 6M)
Top of the 1st over - 0 runs, 1 hit, 0 errors, 1 left on base; Salt Lake City 0 - Gryfindor 0
BOTTOM OF THE 1ST
Gryfindor Braves batting - Pitching for Salt Lake City Buzz : RHP Juan Ordóñez
Pitching: RHP Juan Ordóñez
Batting: RHB Ernesto Souza 0-0: Called Strike
0-1: Ground out 6-3 (Groundball, 6D)
Batting: RHB Roy Herring 0-0: SINGLE (Line Drive, 4D)
Batting: RHB Ralph Cranford 0-0: SINGLE (Line Drive, 56D)
Roy Herring to second
Batting: RHB Paul Penrice 0-0: Called Strike
0-1: Swinging Strike
0-2: Grounds into double play, 6-4-3 (Groundball, 6)
Bottom of the 1st over - 0 runs, 2 hits, 0 errors, 1 left on base; Salt Lake City 0 - Gryfindor 0
TOP OF THE 2ND
Salt Lake City Buzz batting - Pitching for Gryfindor Braves : RHP Fred Gunther
Batting: SHB Félix Medina 0-0: Foul Ball, location: 2F
0-1: Fly out, F8 (Flyball, 8LM)
Batting: LHB Roberto Soto 0-0: Ground out 3-1 (Groundball, 34S)
Batting: RHB Vicente Cruz 0-0: Ball
1-0: Foul Ball, location: 2F
1-1: Ball
2-1: Foul Ball, location: 2F
2-2: Fly out, F7 (Flyball, 7)
Top of the 2nd over - 0 runs, 0 hits, 0 errors, 0 left on base; Salt Lake City 0 - Gryfindor 0
BOTTOM OF THE 2ND
Gryfindor Braves batting - Pitching for Salt Lake City Buzz : RHP Juan Ordóñez
Batting: LHB Ignacio Medine 0-0: Ball
1-0: Ball
2-0: Ball
3-0: Base on Balls
Batting: LHB Brent van Schoonhoven 0-0: Foul Ball, location: 2F
0-1: Ball
1-1: Called Strike
1-2: Strikes out swinging
Batting: RHB Jeff Green 0-0: Ball
1-0: Swinging Strike
1-1: Ball
2-1: Called Strike
2-2: Strikes out looking
Batting: LHB Ken Watanabe 0-0: Fly out, F7 (Line Drive, 7)
Bottom of the 2nd over - 0 runs, 0 hits, 0 errors, 1 left on base; Salt Lake City 0 - Gryfindor 0
TOP OF THE 3RD
Salt Lake City Buzz batting - Pitching for Gryfindor Braves : RHP Fred Gunther
Batting: RHB Erwin Chapman 0-0: Called Strike
0-1: Foul Ball, location: 2F
0-2: Strikes out looking
Batting: RHB Alejandro Herrera 0-0: Swinging Strike
0-1: Ball
1-1: Ball
2-1: Foul Ball, location: 2F
2-2: Strikes out swinging
Batting: LHB Mike Gillespie 0-0: SINGLE (Groundball, 56D)
Batting: RHB Jung-hwan Kwon 0-0: Called Strike
0-1: Ball
1-1: Ball
2-1: Ball
3-1: Foul Ball, location: 2F
3-2: Foul Ball, location: 2F
3-2: Ground out 5-3 (Groundball, 56)
Top of the 3rd over - 0 runs, 1 hit, 0 errors, 1 left on base; Salt Lake City 0 - Gryfindor 0
BOTTOM OF THE 3RD
Gryfindor Braves batting - Pitching for Salt Lake City Buzz : RHP Juan Ordóñez
Batting: RHB Rafael Durango 0-0: SINGLE (Groundball, 56D)
Batting: RHB Ernesto Souza 0-0: Called Strike
0-1: Ball
1-1: Fly out, F7 (Flyball, 7)
Batting: RHB Roy Herring 0-0: Ball
1-0: Foul Ball, location: 2F
1-1: Swinging Strike
1-2: Foul Ball, location: 2F
1-2: Ball
2-2: Foul Ball, location: 2F
2-2: Foul Ball, location: 2F
2-2: Foul Ball, location: 2F
2-2: SINGLE (Line Drive, 9S)
Rafael Durango to second
Runner from 2nd tries for 3rd, SAFE, no throw
Batting: RHB Ralph Cranford 0-0: Ball
1-0: Grounds into double play, 6-4-3 (Groundball, 6)
Bottom of the 3rd over - 0 runs, 2 hits, 0 errors, 1 left on base; Salt Lake City 0 - Gryfindor 0
TOP OF THE 4TH
Salt Lake City Buzz batting - Pitching for Gryfindor Braves : RHP Fred Gunther
Batting: LHB Jérôme Masson 0-0: Swinging Strike
0-1: Ball
1-1: Ball
2-1: Foul Ball, location: 2F
2-2: Foul Ball, location: 2F
2-2: Ball
3-2: Base on Balls
Batting: LHB Qi-zhen Loong 0-0: Ball
1-0: SINGLE (Groundball, 4MD)
Jérôme Masson to second
Batting: SHB Félix Medina 0-0: Called Strike
0-1: Ball
1-1: Swinging Strike
1-2: Strikes out swinging
Batting: LHB Roberto Soto 0-0: Swinging Strike
0-1: Ball
1-1: Foul Ball, location: 2F
1-2: Ball
2-2: Strikes out swinging
Batting: RHB Vicente Cruz 0-0: Foul Ball, location: 2F
0-1: Ball
1-1: Swinging Strike
1-2: Foul Ball, location: 2F
1-2: Fly out, F9 (Flyball, 9LSF)
Top of the 4th over - 0 runs, 1 hit, 0 errors, 2 left on base; Salt Lake City 0 - Gryfindor 0
BOTTOM OF THE 4TH
Gryfindor Braves batting - Pitching for Salt Lake City Buzz : RHP Juan Ordóñez
Batting: RHB Paul Penrice 0-0: Ball
1-0: Ball
2-0: SINGLE (Groundball, 56D)
Batting: LHB Ignacio Medine 0-0: DOUBLE (Line Drive, 9D)
Paul Penrice to third
Batting: LHB Brent van Schoonhoven 0-0: Foul Ball, location: 2F
0-1: Swinging Strike
0-2: Strikes out looking
Batting: RHB Jeff Green 0-0: Fly out, F7 (Flyball, 7)
Runner from 3rd tags up, SCORES, throw made
Batting: LHB Ken Watanabe 0-0: Called Strike
0-1: Ball
1-1: Ball
2-1: Fly out, F2 (Popup, 23F)
Bottom of the 4th over - 1 run, 2 hits, 0 errors, 1 left on base; Salt Lake City 0 - Gryfindor 1
TOP OF THE 5TH
Salt Lake City Buzz batting - Pitching for Gryfindor Braves : RHP Fred Gunther
Batting: RHB Erwin Chapman 0-0: Called Strike
0-1: Foul Ball, location: 2F
0-2: Strikes out swinging
Batting: RHB Alejandro Herrera 0-0: Ball
1-0: Called Strike
1-1: Foul Ball, location: 2F
1-2: Ground out 5-3 (Groundball, 56)
Batting: LHB Mike Gillespie 0-0: Called Strike
0-1: Ball
1-1: Foul Ball, location: 2F
1-2: Foul Ball, location: 2F
1-2: SINGLE (Groundball, 3S) (infield hit)
Batting: RHB Jung-hwan Kwon 0-0: SINGLE (Groundball, 6MD)
Mike Gillespie to second
Batting: LHB Jérôme Masson 0-0: Ball
1-0: DOUBLE (Line Drive, 9LS)
Mike Gillespie scores
Jung-hwan Kwon to third
Runner from 3rd tries for Home, SAFE, no throw
Batting: LHB Qi-zhen Loong 0-0: Ball
1-0: Ball
2-0: Called Strike
2-1: Foul Ball, location: 2F
2-2: Ball
3-2: Base on Balls
Batting: SHB Félix Medina 0-0: SINGLE (Flyball, 7S)
Jérôme Masson to third
Qi-zhen Loong to second
Runner from 3rd tries for Home, SAFE, no throw
Batting: LHB Roberto Soto 0-0: Ball
1-0: Ball
2-0: Called Strike
2-1: Ball
3-1: Base on Balls
Qi-zhen Loong to third
Félix Medina to second
Batting: RHB Vicente Cruz 0-0: Called Strike
0-1: Ground out 4-3 (Groundball, 4)
Top of the 5th over - 3 runs, 4 hits, 0 errors, 3 left on base; Salt Lake City 3 - Gryfindor 1
BOTTOM OF THE 5TH
Gryfindor Braves batting - Pitching for Salt Lake City Buzz : RHP Juan Ordóñez
Batting: RHB Rafael Durango 0-0: Called Strike
0-1: Fly out, F7 (Flyball, 7S)
Batting: RHB Ernesto Souza 0-0: Ball
1-0: Called Strike
1-1: Swinging Strike
1-2: Foul Ball, location: 2F
1-2: SINGLE (Flyball, 8LS)
Batting: RHB Roy Herring 0-0: Foul Ball, location: 2F
0-1: Swinging Strike
Ernesto Souza steals 2nd base
0-2: Ground out 4-3 (Groundball, 4)
Ernesto Souza to third
Batting: RHB Ralph Cranford 0-0: Foul Ball, location: 2F
0-1: Ball
1-1: Swinging Strike
1-2: SINGLE (Groundball, 56) (infield hit)
Ernesto Souza scores
Batting: RHB Paul Penrice 0-0: Ball
1-0: Ball
2-0: Called Strike
2-1: Foul Ball, location: 2F
2-2: Fly out, F8 (Line Drive, 8LS)
Bottom of the 5th over - 1 run, 2 hits, 0 errors, 1 left on base; Salt Lake City 3 - Gryfindor 2
TOP OF THE 6TH
Salt Lake City Buzz batting - Pitching for Gryfindor Braves : RHP Fred Gunther
Batting: RHB Erwin Chapman 0-0: Called Strike
0-1: Ball
1-1: Swinging Strike
1-2: Foul Ball, location: 2F
1-2: Fly out, F8 (Flyball, 8RD)
Batting: RHB Alejandro Herrera 0-0: Swinging Strike
0-1: Hit by Pitch
Batting: LHB Mike Gillespie 0-0: Called Strike
0-1: Grounds into double play, 4-6-3 (Groundball, 4)
Top of the 6th over - 0 runs, 0 hits, 0 errors, 0 left on base; Salt Lake City 3 - Gryfindor 2
BOTTOM OF THE 6TH
Gryfindor Braves batting - Pitching for Salt Lake City Buzz : RHP Juan Ordóñez
Batting: LHB Ignacio Medine 0-0: Called Strike
0-1: Ball
1-1: Foul Ball, location: 2F
1-2: Strikes out looking
Batting: LHB Brent van Schoonhoven 0-0: Called Strike
0-1: Fly out, F8 (Line Drive, 8RM)
Batting: RHB Jeff Green 0-0: Called Strike
0-1: Ground out 1-3 (Groundball, P)
Bottom of the 6th over - 0 runs, 0 hits, 0 errors, 0 left on base; Salt Lake City 3 - Gryfindor 2
TOP OF THE 7TH
Salt Lake City Buzz batting - Pitching for Gryfindor Braves : RHP Fred Gunther
Batting: RHB Jung-hwan Kwon 0-0: Ball
1-0: DOUBLE (Line Drive, 78D)
Batting: LHB Jérôme Masson 0-0: Intentional Walk
Batting: LHB Qi-zhen Loong 0-0: Called Strike
0-1: Ball
1-1: Fly out, F7 (Flyball, 7D)
Batting: SHB Félix Medina 0-0: Ball
1-0: Foul Ball, location: 2F
1-1: Ball
Jung-hwan Kwon steals 3rd base
2-1: Swinging Strike
2-2: Foul Ball, location: 2F
2-2: Fly out, F9 (Flyball, 9D)
Runner from 3rd tags up, SCORES, no throw
Pitching: RHP Biff Tannen
Batting: LHB Roberto Soto 0-0: Called Strike
0-1: Fly out, F8 (Flyball, 8RD)
Top of the 7th over - 1 run, 1 hit, 0 errors, 1 left on base; Salt Lake City 4 - Gryfindor 2
BOTTOM OF THE 7TH
Gryfindor Braves batting - Pitching for Salt Lake City Buzz : RHP Juan Ordóñez
Batting: LHB Ken Watanabe 0-0: Foul Ball, location: 2F
0-1: Ball
1-1: Ball
2-1: Ball
3-1: Fly out, F7 (Flyball, 78M)
Batting: RHB Rafael Durango 0-0: Called Strike
0-1: Fly out, F8 (Flyball, 78D)
Batting: RHB Ernesto Souza 0-0: Ground out 6-3 (Groundball, 6)
Bottom of the 7th over - 0 runs, 0 hits, 0 errors, 0 left on base; Salt Lake City 4 - Gryfindor 2
TOP OF THE 8TH
Salt Lake City Buzz batting - Pitching for Gryfindor Braves : RHP Biff Tannen
Batting: RHB Vicente Cruz 0-0: Ground out 6-3 (Groundball, 6M)
Batting: RHB Erwin Chapman 0-0: Ball
1-0: Ball
2-0: Reached on error, E4 (Groundball, 34)
Batting: RHB Alejandro Herrera 0-0: Ground out 6-3 (Groundball, 56D)
Erwin Chapman to second
Batting: LHB Mike Gillespie 0-0: Ball
1-0: Ball
2-0: Ball
3-0: Base on Balls
Batting: RHB Jung-hwan Kwon 0-0: Ball
1-0: Swinging Strike
1-1: Ball
2-1: Called Strike
2-2: Foul Ball, location: 2F
2-2: Fielders Choice at 2nd, 6-4 (Groundball, 6)
Top of the 8th over - 0 runs, 0 hits, 1 error, 2 left on base; Salt Lake City 4 - Gryfindor 2
BOTTOM OF THE 8TH
Gryfindor Braves batting - Pitching for Salt Lake City Buzz : RHP Juan Ordóñez
Batting: RHB Roy Herring 0-0: Ball
1-0: SINGLE (Line Drive, 6D)
Batting: RHB Ralph Cranford 0-0: Ball
1-0: Foul Ball, location: 2F
1-1: Foul Ball, location: 2F
1-2: Fly out, F6 (Popup, 6M)
Batting: RHB Paul Penrice 0-0: Ball
1-0: Called Strike
1-1: Ball
2-1: Grounds into double play, 5-4-3 (Groundball, 56)
Bottom of the 8th over - 0 runs, 1 hit, 0 errors, 0 left on base; Salt Lake City 4 - Gryfindor 2
TOP OF THE 9TH
Salt Lake City Buzz batting - Pitching for Gryfindor Braves : RHP Biff Tannen
Pitching: RHP Marcos Oquendo
Batting: LHB Jérôme Masson 0-0: Called Strike
0-1: Ball
1-1: SOLO HOME RUN (Flyball, 9D), Distance : 386 ft
Batting: LHB Qi-zhen Loong 0-0: Fly out, F9 (Flyball, 89D)
Batting: SHB Félix Medina 0-0: Called Strike
0-1: Foul Ball, location: 2F
0-2: Ball
1-2: Fly out, F7 (Flyball, 78D)
Batting: LHB Roberto Soto 0-0: Called Strike
0-1: Ball
1-1: Called Strike
1-2: Foul Ball, location: 2F
1-2: Ground out 5-3 (Groundball, 56)
Top of the 9th over - 1 run, 1 hit, 0 errors, 0 left on base; Salt Lake City 5 - Gryfindor 2
BOTTOM OF THE 9TH
Gryfindor Braves batting - Pitching for Salt Lake City Buzz : RHP Juan Ordóñez
Pitching: RHP Luis Bejarano
Batting: LHB Ignacio Medine 0-0: Foul Ball, location: 2F
0-1: Ball
1-1: Ball
2-1: Fly out, F4 (Popup, 4)
Batting: LHB Brent van Schoonhoven 0-0: Called Strike
0-1: Ball
1-1: Ground out 1-3 (Groundball, 13S)
Batting: RHB Jeff Green 0-0: Swinging Strike
0-1: Ball
1-1: Foul Ball, location: 2F
1-2: Ball
2-2: Foul Ball, location: 2F
2-2: Foul Ball, location: 2F
2-2: Foul Ball, location: 2F
2-2: Strikes out looking
Bottom of the 9th over - 0 runs, 0 hits, 0 errors, 0 left on base; Salt Lake City 5 - Gryfindor 2
Tuesday, December 19th, 2017 - OOTP Baseball 18.8 Build 76